Cogmind - Beta 15 @@@ ROGUE MODE // 2025.05.23 @ 23:56:56 Player: Okami Result: Destroyed by Y-45 Defender with Heavy Assault Rifle Performance ------------- Evolutions (1) 500 Regions Visited (2) 400 Robots Destroyed (10) 50 Value Destroyed (308) 308 Prototype IDs (0) 0 Alien Tech Used (0) 0 Bonus (0) 0 TOTAL SCORE: 1258 Bonus ------- None Cogmind --------- Core Integrity 0/400 Matter 249/300 Energy 100/100 System Corruption 5% Temperature Cool (9) Movement Core (100) Ox1 Location -9/Materials Parts ------- > --- POWER (1) -------- (None) > --- PROPULSION (4) --- (None) > --- UTILITY (2) ------ Small Storage Unit > --- WEAPON (2) ------- (None) > --- INVENTORY (8) ---- Ion Engine Improved Heat Sink Medium Laser Light Assault Rifle Grenade Launcher Peak State ------------ > --- POWER ------------ Improved Ion Engine > --- PROPULSION ------- Flight Unit Flight Unit Flight Unit Flight Unit > --- UTILITY ---------- Small Storage Unit Targeting Computer > --- WEAPON ----------- Medium Laser Assault Rifle > --- INVENTORY -------- Ion Engine Improved Heat Sink Light Assault Rifle Grenade Launcher Grenade Launcher [Rating: 10] Favorites ----------- Power Ion Engine Engine Ion Engine Propulsion Compact Wheel Wheel Compact Wheel Flight Unit Flight Unit Utility Small Storage Unit Storage Small Storage Unit Processor Targeting Computer Weapon Assault Rifle Energy Gun Medium Laser Energy Cannon Beam Cannon Ballistic Gun Assault Rifle Launcher Grenade Launcher Build | -11 -10 -9 ------- Run | Yrd Mat Mat Slots Evolved 2 | . . 2 Power . | . . . Propulsion 2 | . . 2 Utility . | . . . Weapon . | . . . Parts Attached 18 | 7 4 7 Power 3 | 2 . 1 Engine 3 | 2 . 1 Core . | . . . Reactor . | . . . Propulsion 6 | 2 2 2 Treads . | . . . Leg . | . . . Wheel 2 | 2 . . Hover . | . . . Flight 4 | . 2 2 Utility 2 | 1 1 . Device . | . . . Storage 1 | 1 . . Processor 1 | . 1 . Hackware . | . . . Protection . | . . . Artifact . | . . . Weapon 7 | 2 1 4 Energy Gun 1 | . 1 . Energy Cannon 2 | . . 2 Ballistic Gun 2 | 2 . . Ballistic Cannon . | . . . Launcher 2 | . . 2 Special Weapon . | . . . Impact Weapon . | . . . Slashing Weapon . | . . . Piercing Weapon . | . . . Special Melee Weapon . | . . . Unidentified Prototypes . | . . . Parts Lost 9 | . . 9 Power 1 | . . 1 Propulsion 4 | . . 4 Utility 1 | . . 1 Weapon 3 | . . 3 Highest Loss Streak 8 | . . 8 To Critical Strikes . | . . . Average Backups 4 | . 4 6 Power . | . 1 1 Propulsion . | . . . Utility . | . . 1 Weapon 2 | . 2 4 Tool/Special . | . . . Unused Backups 2 | . . 2 Power 1 | . . 1 Propulsion . | . . . Utility 1 | . . 1 Weapon . | . . . Tool/Special . | . . . Average Slot Usage (%) 81 | . 81 80 Engine 12 | . 14 9 Wheel 15 | . 21 . Flight 14 | . 6 36 Storage 13 | . 14 11 Processor 2 | . . 8 Energy Gun 7 | . 9 1 Energy Cannon 1 | . . 4 Ballistic Gun 13 | . 15 7 Peak Build Rating 10 | 6 7 10 Average Rating 6 | 4 5 7 On Entrance 4 | . 6 7 Naked Turns . | . . . Heaviest Build 16 | 13 14 16 Greatest Support 32 | 32 32 16 Greatest Overweight (x) 2 | . 2 2 Average Overweight (x) . | . . . Largest Inventory Capacity 8 | 8 8 8 Average Capacity 7 | 6 8 8 Most Carried 8 | 1 8 7 Average Carried 4 | . 4 6 Final Capacity 8 | 8 8 8 Final Carried 8 | 1 8 5 Class Distribution -------------------- 80% | Mutant 11% | Scavenger-Sprinter 7% | Scavenger-Mutant Dominant Class ---------------- Mutant | -10/Materials Scavenger-Sprinter | -9/Materials Resources | -11 -10 -9 ----------- Run | Yrd Mat Mat Matter Collected 456 | 232 94 130 Remotely . | . . . Salvage Created 314 | . 47 267 Parts 23 | . 7 16 Haulers Intercepted . | . . . Recyclers Shooed 1 | . . 1 Parts Field Recycled . | . . . Retrieved Matter . | . . . Parts Self-Destructed . | . . . Prevented . | . . . Kills | -11 -10 -9 ------- Run | Yrd Mat Mat Combat Hostiles Destroyed 10 | . 3 7 Guns 5 | . 3 2 Cannons 1 | . . 1 AOE 4 | . . 4 Classes Destroyed 3 | . 1 2 Swarmer 4 | . 3 1 Grunt 2 | . . 2 Sentry 4 | . . 4 Best Kill Streak 3 | . 3 3 Combat Bots Only 3 | . 3 3 Max Kills in Single Turn 2 | . 1 2 Gunslinging . | . . . Exploded 2 | . . 2 Melee . | . . . Uniques/NPCs Destroyed . | . . . Combat | -11 -10 -9 -------- Run | Yrd Mat Mat Hostile Shots Fired 140 | . 16 124 Missed 44 | . 5 39 Hits 96 | . 11 85 Projectile 96 | . 11 85 Critical Strikes 1 | . . 1 Damage Taken 1048 | . 93 955 Core 422 | . 15 407 Absorbed by Shields . | . . . Core Remaining (%) 97 | 100 94 . Volleys Fired 25 | . 9 16 Largest 2 | . 2 2 Hottest 120 | . 70 120 Shots Fired 47 | . 18 29 Gun 33 | . 18 15 Cannon 8 | . . 8 Launcher 6 | . . 6 Special . | . . . Kinetic 19 | . 9 10 Thermal 22 | . 9 13 Explosive 6 | . . 6 Electromagnetic . | . . . Robot Hit Streak 15 | . 2 15 Robot Miss Streak 5 | . 5 1 Penetration Max . | . . . Secondary Targets 1 | . 1 . Max Gunslinging Chain 1 | . 1 . Shots Hit Robots 23 | . 5 18 Core Hits 18 | . 3 15 Critical Kills . | . . . Critical Parts Destroyed . | . . . Critical Strikes 1 | . 1 . Burn 1 | . 1 . Melee Attacks . | . . . Impact . | . . . Slashing . | . . . Piercing . | . . . Sneak Attacks . | . . . Combat Hostiles . | . . . Follow-up Attacks . | . . . Damage Inflicted 539 | . 59 480 Guns 204 | . 59 145 Cannons 72 | . . 72 Explosions 257 | . . 257 Melee . | . . . Ramming 6 | . . 6 Kinetic 117 | . 10 107 Thermal 159 | . 49 110 Explosive 257 | . . 257 Electromagnetic . | . . . Impact . | . . . Slashing . | . . . Piercing . | . . . Highest Corruption 5 | . . 5 Average Corruption 5 | . . 5 Corruption Purged . | . . . Corruption Blocked . | . . . Effects 1 | . . 1 Message Errors 1 | . . 1 Overload Shots . | . . . Overflow Damage . | . . . Projectiles . | . . . Explosions . | . . . Melee . | . . . Knockbacks . | . . . Impact . | . . . Kinetic . | . . . Secondary . | . . . Self-Inflicted Damage 29 | . . 29 Shots 2 | . . 2 Rammed 1 | . . 1 Targets Rammed 1 | . . 1 Kicked . | . . . Crushed . | . . . Highest Temperature 207 | . 72 207 Average Temperature 48 | . 33 56 Received Heat Transfer 231 | . . 231 Siege Activations . | . . . Martial Activations . | . . . Shielding Activations . | . . . Robots Disrupted . | . . . Combat Hostiles . | . . . Robots Corrupted . | . . . Combat Hostiles . | . . . Parts Fried . | . . . Impact Corruptions . | . . . Robots Melted . | . . . Combat Hostiles . | . . . Parts Melted . | . . . Heat Transferred 481 | . 222 259 Parts Sabotaged . | . . . Parts Stolen . | . . . Parts Stripped . | . . . Power Chain Reactions . | . . . Alert | -11 -10 -9 ------- Run | Yrd Mat Mat Maximum Alert Level 1 | . . 1 Low Security (%) 95 | 100 100 81 Level 1 4 | . . 18 Level 2 . | . . . Level 3 . | . . . Level 4 . | . . . Level 5 . | . . . High Security . | . . . Max Security . | . . . Peak Influence 243 | . 77 243 Initial 5 | . . 5 Average 44 | . 13 145 Influence Increases 460 | . 89 371 Destroy 0b10 Robot/C 200 | . 60 140 Destroy Leader 50 | . 10 40 Successful Hack 11 | . 4 7 Disable Machine 30 | . 15 15 Destroy Structure 34 | . . 34 Partial Spotted 120 | . . 120 Lose Combat Pursuer 15 | . . 15 Influence Decreases 264 | . 76 188 Entered New Map 8 | . . 8 Time Decay 166 | . 76 90 Lost Part 90 | . . 90 Squads Dispatched 2 | . 1 1 Investigation 2 | . 1 1 Extermination . | . . . Reinforcement . | . . . Assault . | . . . Garrison . | . . . Intercept . | . . . Searches Triggered . | . . . Construction Impeded . | . . . Haulers Reinforced . | . . . Active Scanning Responses . | . . . Cargo Convoy Interrupts . | . . . Stealth | -11 -10 -9 --------- Run | Yrd Mat Mat Distress Signals 3 | . 1 2 Communications Jammed . | . . . Distress Signals . | . . . Times Spotted 21 | . 3 18 Peak Tracking Total 11 | . 3 11 Tactical Retreats 1 | . . 1 Traps | -11 -10 -9 ------- Run | Yrd Mat Mat Traps Triggered . | . . . Indirectly . | . . . Trap Hack Attempts . | . . . Triggered . | . . . Disarmed . | . . . Reprogrammed . | . . . Reused . | . . . Traps Extracted . | . . . Installed . | . . . Triggered . | . . . Machines | -11 -10 -9 ---------- Run | Yrd Mat Mat Machines Disabled 2 | . 1 1 Max in Single Turn 1 | . 1 1 Machines Repaired . | . . . Machines Dismantled . | . . . Machines Sabotaged . | . . . Overloaded Fab Kills . | . . . Hacking | -11 -10 -9 --------- Run | Yrd Mat Mat Machines Accessed 5 | . 4 1 Terminals 4 | . 3 1 Fabricators . | . . . Repair Stations . | . . . Recycling Units 1 | . 1 . Scanalyzers . | . . . Garrison Access . | . . . Total Hacks 14 | . 9 5 Successful 7 | . 5 2 Failed 7 | . 4 3 Catastrophic 1 | . . 1 Database Lockouts . | . . . Manual . | . . . Terminals 11 | . 6 5 Fabricators . | . . . Repair Stations . | . . . Recycling Units 3 | . 3 . Scanalyzers . | . . . Garrison Access . | . . . Terminal Hacks 5 | . 3 2 Record 1 | . . 1 Emergency Access Points 1 | . 1 . Alert Level 1 | . 1 . Dispatch Records 1 | . 1 . Recall Investigation 1 | . . 1 Fabricator Hacks . | . . . Repair Station Hacks . | . . . Recycling Unit Hacks 2 | . 2 . Process 1 | . 1 . Retrieve Components 1 | . 1 . Scanalyzer . | . . . Garrison Access Hacks . | . . . Unauthorized Hacks . | . . . Terminals . | . . . Fabricators . | . . . Repair Stations . | . . . Recycling Units . | . . . Scanalyzers . | . . . Garrison Access . | . . . Data Cores Recovered . | . . . Used . | . . . Hacking Detections 3 | . 2 1 Full Trace Events 1 | . . 1 Feedback Events . | . . . Feedback Blocked . | . . . Robot Schematics Acquired . | . . . Robots Built . | . . . Authchips . | . . . Time . | . . . Total Robot Build Rating . | . . . Part Schematics Acquired . | . . . Parts Built . | . . . Authchips . | . . . Time . | . . . Total Part Build Rating . | . . . Parts Repaired . | . . . Time . | . . . Parts Recycled . | . . . Recycled Matter 13 | . 13 . Retrieved Matter . | . . . Retrieved Components . | . . . Parts Scanalyzed . | . . . Part Schematics Acquired . | . . . Parts Damaged . | . . . Bothacking | -11 -10 -9 ------------ Run | Yrd Mat Mat Used RIF Installer . | . . . Robots Hacked . | . . . Non-combat . | . . . Combat . | . . . Robot Hacks Applied . | . . . Relay Couplers Released . | . . . Fabnet Peak Effective % . | . . . Robots Rewired . | . . . Allies Hacked . | . . . Hacks Repelled . | . . . Allies | -11 -10 -9 -------- Run | Yrd Mat Mat Total Allies . | . . . Largest Group . | . . . Highest-Rated Group . | . . . Highest-Rated Ally . | . . . Total Orders . | . . . Ally Attacks . | . . . Total Damage . | . . . Kills . | . . . Allies Corrupted . | . . . Allies Melted . | . . . Intel | -11 -10 -9 ------- Run | Yrd Mat Mat Active Infowar (turns) . | . . . Robot Analysis Total . | . . . Derelict Logs Recovered . | . . . Drone Launches . | . . . Drone Recoveries . | . . . Exploration | -11 -10 -9 ------------- Run | Yrd Mat Mat Turns Passed 824 | 63 562 199 Spaces Moved 822 | 55 499 268 Core 12 | 4 . 8 Treads . | . . . Legs . | . . . Wheels 432 | 51 381 . Hover . | . . . Flight 378 | . 118 260 Fastest Speed 31 | 50 100 31 Average Speed 84 | 96 104 43 Slowest Speed 200 | 100 200 150 Overloaded Moves . | . . . Propulsion Burnouts . | . . . Robots Hopped . | . . . Potential Cave-ins . | . . . Cave-ins Triggered . | . . . Exploration Rate (%) 28 | 4 67 15 Regions Visited 2 Branch Regions . Pre-discovered Areas . | . . . Known Exits Taken . | . . . Unknown Exits Taken 2 | 1 1 . Scrap Searched . | . . . Spaces Dug . | . . . Terrain Destroyed 32 | . . 32 Melee . | . . . Projectile . | . . . AOE 32 | . . 32 Terrain Rammed . | . . . Walls Destroyed . | . . . Machines Disabled . | . . . Actions | -11 -10 -9 --------- Run | Yrd Mat Mat Total 903 | 61 523 319 Wait 17 | . . 17 Move 820 | 54 498 268 Hop . | . . . Pick Up 7 | . 7 . Fast Attach 11 | 6 3 2 Attach 7 | . 1 6 Detach 5 | . 2 3 Swap 5 | 1 . 4 Drop 5 | . 3 2 Fire 25 | . 9 16 Melee . | . . . Ram 1 | . . 1 Kick . | . . . Crush . | . . . Escape Stasis . | . . . Rewire . | . . . Trap . | . . . Miscellaneous . | . . . Route ------- -11/Scrapyard -10/Materials (discovered 4 exits: *Mat x2 / [*Min] / [*Sub]) -9/Materials History --------- Turn | Location | Event 32 | -11/Scrapyard | Discovered new exit (range 15) 64 | -11/Scrapyard | Entered Materials 65 | -10/Materials | Met a group of wandering Federalists 127 | -10/Materials | Discovered new exit (range 9) 153 | -10/Materials | Discovered new exit (range 9) 260 | -10/Materials | Discovered new exit (range 8) 311 | -10/Materials | Build established: Mutant 572 | -10/Materials | Discovered new exit (range 13) 626 | -10/Materials | Entered another Materials area 626 | -9/Materials | Evolved 2 slots: Propulsion x2 804 | -9/Materials | Core integrity fell below 50% 820 | -9/Materials | Core integrity fell below 20% 825 | -9/Materials | Destroyed by Y-45 Defender with Heavy Assault Rifle Last Messages --------------- 00778_ U-05 Engineer builds a Door. 00781_ Slammed into R-06 Scavenger. 00781_ Targeting Computer destroyed. 00781_ System corrupted by crushing effect (+5). 00788_ K-01 Serf collects debris. 00799_ G-34 Mercenary destroyed. 00800_ K-01 Serf collects debris. 00801_ Grenade Launcher destroyed. 00801_ Flight Unit destroyed. 00803_ Imp. Ion Engine destroyed. 00804_ The unstable cave ceiling collapses. 00804_ S-10 Pest destroyed. 00811_ Flight Unit destroyed. 00812_ Assault Rifle destroyed. 00813_ The unstable cave ceiling collapses. 00817_ K-01 Serf collects debris. 00820_ SZOYJGYMU1JLSH:X10ZXAX>YI1LCQXU 00820_ K-01 Serf collects debris. 00822_ Beam Cannon destroyed. 00823_ K-01 Serf collects debris. Map ----- +----------------------------------------------------+ | ?????????????????????????????????????????????????? | | ?????????????????????????????????????????????????? | | ?????????????????????????????????????????????????? | | ?????????????????????????????????????????????????? | | ?????????????????????????????????????????????????? | | ?????????????????????????????????????????????????? | | ?????????????????????????????????????????????????? | | ??????????????? ?????????????????????????????? | | ??????????????? ?????????????????????????????? | | ??????????????? ?????????????????????????????? | | ??????????????? ?????????????????????????????? | | ??????????????? ?????????????????????????????? | | ???????????????# #?????????????????????????????? | | ???????????????# #?????????????????????????????? | | ???????????????# #?????????????????????????????? | | ???????????????# +?????????????????????????????? | | ???????????????# #?????????????????????????????? | | ???????????????# #?????????????????????????????? | | ???????????????# #?????????????????????????????? | | ????????######## #?????????????????????????????? | | ????????# "T" # #?????????????????????????????? | | ????????# #= ####??????????????????????????? | | ????????# ! # ########### # ##????????? | | ????????# [] g ss ????? | | ????????# []]= # k%= sk = a ????? | | ????????#![]][ =%Y @ s ????? | | ????????###%#### ############### ####?????? | | ??????????###?# ## ????????????? ??????? | | ??????????????## # ???????????????? + ??????? | | ???????????????# ????????????????????????????? | | ???????????????# # #???????????????????????????? | | ???????????????# ##????????????????????????????? | | ???????????????# #?????????????????????????????? | | ???????????????# #?????????????????????????????? | | ???????????????# #?????????????????????????????? | | ???????????????# #?????????????????????????????? | | ???????????????# #?????????????????????????????? | | ???????????????# #?????????????????????????????? | | ???????????????# #?????????????????????????????? | | ???????????????# #?????????????????????????????? | | ???????????????# #?????????????????????????????? | | ???????????????# #?????????????????????????????? | | ???????????????# #?????????????????????????????? | | ???????????????# #????????? #??????????????????? | | ???????????????# ###### #??????????????????? | | ???????????????# # + T / ""???????????????? | | ???????????????# # ## #??????????????????? | | ???????????????# # #????? #??????????????????? | | ???????????????# # #?????????????????????????? | | ???????????????# # #?????#???????????????????? | +----------------------------------------------------+ Best States ------------- Heat Dissipation 28 Energy Generation 12 Energy Capacity 265 Matter Stores 300 Matter Capacity 300 Sight Range 16 Terrain Scan Density 10 Evasion (%) 63 Targeting Accuracy 5 Item Schematics ----------------- None Robot Schematics ------------------ None Fabricated ------------ Nothing Repaired ---------- Nothing Alien Tech Used ----------------- None Achievements -------------- None Challenges ------------ None Game ------ Seed MultireflexJammingRigger Manual? 0 Play Time 00:16:29 Cumulative 7.7 hours Start 2025.05.23 @ 23:41:38 End 2025.05.23 @ 23:56:56 Sessions 1 Manual Loads 0 Difficulty Rogue Special Mode None Game No. 8 Rogue 8 Adventurer 0 Explorer 0 Win Type - Total 0 Types 0/0/0/0/0/0/0/0/0/0 Lore% 1 Gallery% 11 Achievement% 10 Wizard Run 0 Options --------- Layout 0 ASCII 0 Keyboard 0 Movement Arrows Keybinds 0 Fullscreen 2 Font 24/Smallcaps Map View 76x50 Zoom Use 0% Tactical HUD 1 Map Filters NONE Filters NONE Steam 1 RUN: bade1b2a-6fd2-4d0e-a26b-1da455881ff8